Map: Abiogenesis LE

Players

Test - Winner!

  • Race: Terran Terran
  • Spawn Location: 5:00

ARKADIALIBRE

  • Race: Protoss Protoss
  • League: Silver
  • Spawn Location: 11:00

VOD

Have the link to the VOD?

Description

Time

  • Played on: May 14, 2018, 3:07 p.m.
  • Length: 7:10
Show
View Real Time Build Order
Export as new Build Order

Test Terran - Winner!

Build Orders:  

Get SALT Encoding   

  12  0:01  SCV  
  13  0:13  SCV  
  14  0:20  Supply Depot  
  14  0:25  SCV  
  15  0:29  Refinery  
  15  0:41  SCV  
  16  0:46  Barracks  
  16  0:53  SCV  
  17  1:06  SCV  
  18  1:18  SCV  
  19  1:35  Barracks Reactor  
  19  1:40  Barracks  
  19  1:43  Barracks  
  19  1:46  Supply Depot  
  19  1:54  Orbital Command  
  19  2:03  Bunker  
  19  2:17  Marine  
  19  2:19  Marine, Barracks  
  21  2:27  Barracks Reactor  
  21  2:31  Barracks Reactor  
  21  2:35  Marine  
  21  2:36  Marine  
  23  2:52  Marine, Factory  
  24  3:03  SCV  
  25  3:06  Supply Depot  
  25  3:08  Barracks Tech Lab  
  25  3:09  Marine x2  
  25  3:10  Marine  
  25  3:11  Marine  
  29  3:15  SCV  
  30  3:26  Engineering Bay  
  30  3:40  Refinery  
  30  3:43  Factory Tech Lab  
  30  3:44  Marine x2  
  32  3:57  Marine  
  32  3:58  Marine x3  
  36  4:04  Stimpack  
  36  4:20  Marine x3  
  39  4:28  Supply Depot  
  39  4:30  Marine  
  39  4:31  Siege Tank  
  45  4:35  Marine  
  45  4:37  Marine  
  44  4:52  Missile Turret  
  44  5:02  Marine x4  
  44  5:03  Marine, Siege Tank  
  52  5:08  Missile Turret  
  52  5:18  Marine  
  53  5:49  Marine x2  
  55  5:56  Marine x3, Siege Tank  
  55  5:57  Supply Depot  
  61  6:09  Marine  
  61  6:10  Marine  
  63  6:18  Marine x2  
  64  6:19  Missile Turret  
  64  6:20  Marine  
  66  6:28  Siege Tank  
  69  6:51  Marine x2  
Show
View Real Time Build Order
Export as new Build Order

ARKADIALIBRE Protoss 

Build Orders: Oracle Opening 

Get SALT Encoding   

  12  0:10  Pylon, Probe  
  13  0:18  Probe  
  13  0:28  Probe  
  15  0:40  Forge  
  15  0:47  Pylon  
  15  0:54  Probe  
  16  1:01  Assimilator  
  16  1:07  Assimilator  
  16  1:08  Probe  
  17  1:17  Photon Cannon  
  17  1:22  Probe  
  18  1:33  Probe  
  18  1:38  Gateway  
  19  1:41  Probe  
  20  1:49  Probe  
  21  2:04  Probe  
  22  2:09  Pylon  
  22  2:12  Probe  
  22  2:21  Probe  
  23  2:25  Cybernetics Core  
  23  2:29  Pylon  
  24  2:41  Pylon  
  24  3:02  Stargate  
  24  3:04  Stargate  
  24  3:10  Photon Cannon  
  24  3:16  Protoss Shields Level 1  
  24  3:27  Photon Cannon  
  24  3:44  Oracle  
  24  3:47  Probe  
  25  3:53  Oracle  
  31  4:29  Nexus  
  28  5:01  Void Ray  
  28  5:02  Void Ray  
  28  5:06  Photon Cannon  
  36  5:12  Assimilator  
  36  5:19  Twilight Council  
  36  5:24  Photon Cannon  
  36  5:37  Probe  
  37  5:45  Probe  
  37  5:47  Stalker  
  37  5:49  Gateway  
  40  5:54  Pylon  
  40  6:16  Pylon  
  40  6:19  Dark Shrine  
  40  6:26  Probe  
  41  6:33  Assimilator  
  41  6:34  Probe  
  42  6:44  Probe  
Tags
 
Add a new tag
Caveats
  • Supply blocks, unpowered buildings, or Contaminate may cause inaccurate times.
  • Supply counts are checked every 10 seconds.